 Dungeon Crawl Stone Soup version 0.31.0-11-ge490571c62 (webtiles) character file.

Game seed: 17034044353283418205

2180 Chiseanne the Covert (level 9, -2/62 HPs)
             Began as an Octopode Shapeshifter on Feb 9, 2024.
             Was an Initiate of Gozag.
             Slain by a troll (12 damage)
             ... on level 7 of the Dungeon.
             The game lasted 00:11:05 (6093 turns).

Chiseanne the Covert (Octopode Shapeshifter)        Turns: 6093, Time: 00:11:06

Health: -2/62      AC:  1    Str: 15    XL:     9   Next: 33%
Magic:  9/9        EV: 15    Int: 12    God:    Gozag
Gold:   327        SH:  0    Dex: 14    Spells: 8/8 levels left

rFire   . . .        a - +1 short sword (venom)
rCold   . . .        (no shield)
rNeg    . . .        (helmet currently unavailable)
rPois   .            t - amulet of magic regeneration
rElec   .            d - ring of resist corrosion
rCorr   +            (no ring)
SInv    .            (no ring)
Will    .....        (no ring)
Stlth   +++++        (no ring)
HPRegen 0.30/turn    (no ring)
MPRegen 0.51/turn    (no ring)
                     (no ring)

%: no passive effects
@: beast-form
A: beast (slay +3), almost no armour, amphibious, 8 rings, camouflage 1,
gelatinous body 1, (nimble swimmer 1), tentacles
a: Begin Untransformation, Renounce Religion, Potion Petition, Call Merchant,
Bribe Branch


You were on level 7 of the Dungeon.
You worshipped Gozag.
Gozag was aware of your devotion.
You were a hulking beast.
You visited 2 branches of the dungeon, and saw 8 of its levels.

You collected 436 gold pieces.
You paid 109 gold pieces to Gozag.

Inventory:

Hand Weapons
 a - a +1 short sword of venom (weapon)
 s - a +2 mace of protection
 z - a +5 long sword
Missiles
 h - 37 stones (quivered)
 j - 2 poisoned darts
 k - 11 atropa-tipped darts
 v - 4 boomerangs
Jewellery
 d - a ring of resist corrosion (left tentacle)
 t - an amulet of magic regeneration (around mantle)
Talismans
 b - a beast talisman (active)
 c - a flux talisman
 i - a beast talisman (active)
 q - a blade talisman
Wands
 n - a wand of polymorph (4)
Scrolls
 u - 2 scrolls of immolation
Potions
 e - a potion of curing
 f - a potion of might
 g - 2 potions of brilliance
 l - a potion of lignification
 m - 3 potions of enlightenment
 o - 2 potions of magic
 p - a potion of mutation {unknown}
 r - a potion of attraction {unknown}


   Skills:
 * Level 6.0 Fighting
 * Level 6.3 Dodging
 * Level 8.4 Stealth
 - Level 3.0 Unarmed Combat
 * Level 6.3 Shapeshifting


You had 8 spell levels left.
You didn't know any spells.
Your spell library contained the following spells:

 Spells                   Type           Power      Damage    Failure   Level
 Freeze                   Ice            0%         1d3       32%         1
 Kiss of Death            Conj/Necr      0%         2d5       32%         1
 Confusing Touch          Hex            0%         N/A       69%         3
 Frozen Ramparts          Ice            0%         1d1       69%         3
 Hailstorm                Conj/Ice       0%         3d5       69%         3
 Summon Ice Beast         Ice/Summ       0%         N/A       69%         3
 Dispel Undead            Necr           0%         3d6       97%         4
 Sculpt Simulacrum        Ice/Alch       0%         N/A       100%        6


Dungeon Overview and Level Annotations

Branches:
Dungeon (7/15)             Temple (1/1) D:6

Altars:
Dithmenos
Elyvilon
Fedhas
Gozag
Hepliaklqana
Kikubaaqudgha
Nemelex Xobeh
Qazlal
Ru
Sif Muna
Uskayaw
Vehumet
Xom
Yredelemnul
Zin

Annotations:
D:4 Dowan, Duvessa


Innate Abilities, Weirdness & Mutations

You are a hulking beast.
Your limbs bulge with bestial killing power. (Slay +3)
You cannot wear most types of armour.
You are amphibious.
You can wear up to eight rings at the same time.
Your skin changes colour to match your surroundings (Stealth+).
Your rubbery body absorbs attacks. (AC +1, EV +1)
((You are camouflaged when in or above water. (Stealth+)))
You have tentacles for arms and can constrict up to eight enemies at once.


Message History

The orc is lightly wounded.
You constrict the orc. The orc barely misses you. The orc closely misses you.
You hit the orc.
You kill the orc!
You constrict the orc.
You kill the orc!
An orc comes into view. It is wielding a +0 trident.
An orc comes into view. It is wielding a +0 flail.
The orc attacks as it pursues you!
The orc hits you from afar with a +0 trident.
The orc barely misses you.
There is a stone staircase leading up, spattered with blood here.
You hit the orc.
The orc is poisoned.
Your grab misses the orc. You squeeze the orc.
You kill the orc!
A troll comes into view.
You climb upwards.
There is a stone staircase leading down here.
You climb downwards.
The troll barely misses you. The troll closely misses you. The troll claws you.
The troll bites you! The troll misses you.
The troll claws you but does no damage.
There is a stone staircase leading up, spattered with blood here.
You hit the troll.
The troll is poisoned.
Your squeeze misses the troll.
The troll is lightly wounded.
The troll misses you. The troll claws you! The troll barely misses you.
You hit the troll.
The troll looks as sick as possible!
The troll is lightly wounded.
The troll bites you! The troll claws you!
* * * LOW HITPOINT WARNING * * *
The troll claws you.
* * * LOW HITPOINT WARNING * * *
You feel much better. The troll bites you! The troll claws you.
The troll claws you!
* * * LOW HITPOINT WARNING * * *
You hit the troll.
The troll looks as sick as possible!
You squeeze the troll, but do no damage.
The troll is moderately wounded.
The troll bites you!
You die...
Your body crumbles into a pile of gold.

# #.# ...#
##########..#
#.......h)..#
#######$T$#.#
#...# #...#
#...# #....
#.....
#...#.#


You could see a troll (extremely poisoned).

Vanquished Creatures
  A gargoyle (D:6)
  2 sky beasts (D:6)
  2 ice beasts
  4 black bears
  A bullfrog (D:6)
  3 scorpions
  4 wights (D:6)
  A howler monkey (D:6)
  A bombardier beetle (D:5)
  An orc priest (D:5)
  5 hounds
  Natasha (D:2)
  An orc wizard (D:6)
  2 sleepcaps (D:6)
  5 iguanas
  3 gnolls (D:5)
  6 adders
  3 ribbon worms
  4 dart slugs
  27 orcs
  6 endoplasms
  5 giant cockroaches
  9 goblins
  6 hobgoblins
  2 jackals (D:3)
  6 quokkas
  5 ball pythons
  7 bats
  2 frilled lizards
  9 kobolds
  6 rats
  A butterfly (D:5)
141 creatures vanquished.

Notes
Turn   | Place    | Note
-------+----------+-------------------------------------------
     0 | D:1      | Chiseanne the Octopode Shapeshifter began the quest for the
                  | Orb.
     0 | D:1      | Reached XP level 1. HP: 13/13 MP: 1/1
   285 | D:1      | Reached skill level 1 in Stealth
   285 | D:1      | Reached XP level 2. HP: 18/18 MP: 2/2
   543 | D:1      | Reached XP level 3. HP: 19/23 MP: 3/3
   971 | D:2      | Reached skill level 2 in Stealth
  1093 | D:2      | Noticed Natasha
  1100 | D:2      | Killed Natasha
  1101 | D:2      | Reached XP level 4. HP: 18/29 MP: 4/4
  1643 | D:3      | Found a faded altar of an unknown god.
  1742 | D:3      | Reached XP level 5. HP: 34/35 MP: 5/5
  1919 | D:3      | Found a hazy altar of Hepliaklqana.
  2198 | D:4      | Reached skill level 3 in Stealth
  2523 | D:4      | Reached XP level 6. HP: 33/41 MP: 6/6
  2534 | D:4      | Noticed Duvessa
  2534 | D:4      | Noticed Dowan
  2599 | D:4      | Identified the +4 leather armour "Tipychul" {rC+}
  2633 | D:4      | Reached skill level 4 in Stealth
  2745 | D:5      | Entered Level 5 of the Dungeon
  2969 | D:5      | Found a shimmering blue altar of Sif Muna.
  2998 | D:5      | Reached XP level 7. HP: 46/46 MP: 7/7
  3060 | D:5      | Reached skill level 5 in Stealth
  3291 | D:5      | Found a white marble altar of Elyvilon.
  3310 | D:5      | Noticed Edmund
  3314 | D:5      | Edmund changed into Edmund the giant cockroach
  3314 | D:5      | Noticed Edmund
  3316 | D:5      | Killed Edmund the giant cockroach
  3337 | D:5      | Chiseanne: just why? why are you so stupid ?
  3567 | D:5      | Reached skill level 6 in Stealth
  3567 | D:5      | Reached skill level 5 in Shapeshifting
  3567 | D:5      | Reached XP level 8. HP: 54/54 MP: 8/8
  4265 | D:6      | Found a shadowy altar of Dithmenos.
  4291 | D:6      | Reached skill level 5 in Dodging
  4601 | D:6      | Reached skill level 5 in Fighting
  4676 | D:6      | Found a staircase to the Ecumenical Temple.
  4686 | Temple   | Entered the Ecumenical Temple
  4693 | Temple   | Became a worshipper of Gozag Ym Sagoz the Greedy
  4708 | D:6      | Reached skill level 7 in Stealth
  5101 | D:6      | HP: 1/55 [iguana (7)]
  5291 | D:6      | Chiseanne: FUCK YOU
  5298 | D:6      | Reached XP level 9. HP: 57/61 MP: 9/9
  5709 | D:6      | Reached skill level 8 in Stealth
  5959 | D:7      | Noticed a gargoyle
  5970 | D:6      | Killed a gargoyle
  6056 | D:7      | Noticed a troll
  6093 | D:7      | Slain by a troll

Illustrated notes

Levels and vault maps discovered:
D:1:      reono_arrival_mine, layout_loops_ring, minmay_split_cup_large
D:2:      layout_rooms, uniq_natasha
D:3:      layout_basic, nzn_hepliaklqana_mist_gate,
          hellmonk_ecumenical_altar_zigzags
D:4:      layout_rooms, ebering_dispersal_statue_hall, uniq_crazy_yiuf_cottage,
          uniq_duvessa
D:5:      layout_layer_cave, nicolae_elyvilon_peaceful_grove,
          nicolae_sif_muna_condensation, uniq_edmund
D:6:      layout_basic, lemuel_crystal_altar,
          minmay_temple_entry_statues_pillars,
          hangedman_abyss_or_decor_lesser_grid
D:7:      layout_rooms, nicolae_overflow_hidden_temple,
          mainiacjoe_overflow_24_doors, general_overflow_altar,
          minmay_manual_mandibuliform
Temple:   nicolae_temple_bog_church

Skill      XL: |  1  2  3  4  5  6  7  8  9 |
---------------+----------------------------+-----
Stealth        | 1 2 3 4 6 7 8 |  8.4
Fighting       | 2 3 4 5 6 |  6.0
Dodging        | 3 4 5 6 |  6.3
Shapeshifting  | 4 5 6 |  6.3
Unarmed Combat | |  3.0

Action                     |  1- 3 |  4- 6 |  7- 9 || total
---------------------------+-------+-------+-------++-------
  Melee: Unarmed           |    64 |    23 |       ||    87
         Constrict         |    13 |    33 |    38 ||    84
         Tentacles         |    13 |    25 |    38 ||    76
         Punch             |     1 |     2 |     8 ||    11
         Short sword       |       |    69 |   129 ||   198
         Mace              |       |       |    20 ||    20
  Throw: Stone             |       |       |     4 ||     4
  Evoke: Wand              |       |       |     2 ||     2
    Use: Scroll            |     1 |     6 |     6 ||    13
         Potion            |       |       |     4 ||     4
   Stab: Sleeping          |    11 |    12 |    10 ||    33
         Distracted        |     1 |     2 |       ||     3
 Armour: Skin              |    13 |    35 |    93 ||   141
  Dodge: Dodged            |    25 |    47 |   107 ||   179
   Form: Beast             |     1 |       |       ||     1
